Map: Submarine LE

Players

EnDerr - Winner!

  • Race: Zerg Zerg
  • Spawn Location: 11:00

RazerBlader

  • Race: Terran Terran
  • League: Master
  • Spawn Location: 5:00

Event: DreamHack SC2 Masters 2020 Winter

VOD

Have the link to the VOD?

Description

Time

  • Played on: Oct. 23, 2020, 5:41 a.m.
  • Length: 15:55

All games in this series

Show
View Real Time Build Order
Export as new Build Order

EnDerr Zerg - Winner!

Build Orders: Pool First, Muta Ling Bane 

Get SALT Encoding   

  12  0:00  Drone  
  13  0:12  Overlord  
  13  0:19  Drone  
  14  0:31  Drone x2  
  16  0:39  Extractor  
  15  0:43  Spawning Pool  
  15  0:46  Drone  
  15  0:51  Drone  
  15  0:56  Drone  
  17  1:20  Hatchery  
  16  1:30  Zergling x6  
  19  1:41  Metabolic Boost  
  19  1:50  Queen  
  21  1:57  Overlord  
  21  2:03  Drone  
  22  2:17  Drone x2  
  24  2:26  Queen  
  26  2:31  Queen  
  26  2:32  Drone x2  
  30  2:45  Zergling x2  
  30  2:46  Drone x2  
  33  2:55  Overlord  
  33  2:57  Drone  
  34  3:02  Drone x2  
  35  3:11  Drone  
  36  3:15  Drone x2  
  36  3:17  Drone  
  39  3:22  Hatchery  
  38  3:29  Overlord  
  38  3:32  Drone  
  39  3:35  Drone  
  39  3:38  Drone  
  39  3:40  Drone  
  39  3:41  Drone  
  43  3:49  Roach Warren  
  43  3:50  Drone x2  
  44  3:56  Zergling x4  
  44  4:01  Drone  
  44  4:02  Drone x2, Extractor  
  48  4:03  Queen, Drone  
  51  4:11  Overlord x2  
  51  4:24  Drone  
  51  4:25  Overlord  
  51  4:26  Overlord  
  51  4:31  Roach x4  
  56  4:33  Roach  
  62  4:40  Drone  
  62  4:41  Spore Crawler  
  62  4:42  Spore Crawler  
  61  4:48  Zergling x2  
  61  4:49  Zergling x10  
  67  4:56  Overlord  
  67  4:57  Drone x2  
  69  5:00  Drone  
  69  5:04  Ravager x3  
  73  5:07  Drone x2  
  72  5:15  Drone x3  
  72  5:16  Drone  
  72  5:17  Drone  
  72  5:18  Drone x2  
  79  5:23  Drone x2  
  79  5:25  Drone  
  79  5:26  Drone  
  83  5:31  Drone  
  83  5:35  Ravager x2  
  84  5:40  Drone  
  84  5:41  Drone x2  
  87  5:43  Drone  
  87  5:48  Overlord  
  88  5:58  Lair, Extractor  
  88  5:59  Extractor  
  86  6:07  Evolution Chamber  
  86  6:08  Drone  
  86  6:09  Drone x5, Baneling Nest  
  86  6:10  Hatchery, Evolution Chamber, Drone x3  
  91  6:15  Spore Crawler  
  90  6:28  Overlord x2  
  90  6:39  Queen  
  90  6:40  Queen  
  90  6:45  Hatchery, Zerg Melee Weapons Level 1, Zerg Ground Armor Level 1  
  90  6:46  Drone  
  94  6:48  Zergling x16  
  102  6:55  Pneumatized Carapace  
  102  6:58  Overlord  
  96  7:10  Centrifical Hooks, Extractor  
  96  7:11  Drone x3  
  96  7:12  Drone x10  
  96  7:15  Overlord  
  108  7:29  Spire, Baneling x2  
  107  7:36  Drone x2  
  107  7:37  Drone  
  110  7:38  Extractor  
  110  7:39  Baneling x5  
  110  7:40  Zergling x18  
  118  7:44  Zergling x2  
  118  7:45  Zergling x2  
  118  7:48  Zergling x4  
  122  7:56  Zergling x2  
  122  7:57  Zergling x16  
  131  8:01  Drone x4, Extractor  
  134  8:06  Spore Crawler  
  134  8:09  Baneling x5  
  134  8:10  Baneling  
  134  8:11  Zergling x2  
  129  8:17  Zergling x2  
  115  8:20  Zergling x12  
  115  8:22  Zergling x2  
  115  8:23  Zergling x10  
  115  8:24  Zergling x6, Queen  
  115  8:26  Zergling x4  
  133  8:33  Zergling x2  
  134  8:35  Drone x4  
  134  8:36  Drone x4  
  142  8:43  Zerg Ground Armor Level 2, Zerg Melee Weapons Level 2  
  142  8:45  Zerg Flyer Weapons Level 1  
  142  8:54  Overlord x6  
  133  9:10  Mutalisk x4  
  133  9:12  Mutalisk x4  
  133  9:13  Mutalisk  
  151  9:17  Extractor  
  151  9:23  Drone  
  151  9:24  Drone x2  
  153  9:28  Hatchery, Mutalisk x2  
  153  9:29  Infestation Pit  
  153  9:30  Baneling  
  153  9:31  Zergling x2, Baneling  
  155  9:32  Zergling x12  
  155  9:33  Zergling x2  
  155  9:36  Zergling x2  
  161  9:38  Mutalisk  
  161  9:44  Mutalisk  
  161  9:45  Zergling x8  
  166  9:52  Zergling x26  
  182  9:56  Overlord  
  182  10:13  Hive  
  182  10:14  Overlord x3  
  180  10:15  Zergling x8  
  180  10:16  Zergling x10  
  189  10:24  Overlord x2, Spore Crawler, Baneling x9  
  186  10:45  Zergling x10  
  191  11:00  Spine Crawler, Baneling x16  
  191  11:01  Baneling x3  
  191  11:02  Zergling x2  
  191  11:03  Zergling x8  
  195  11:09  Zergling x2  
  196  11:18  Zergling x4  
  153  11:21  Zergling x2  
  153  11:22  Zergling x46  
  161  11:26  Adrenal Glands  
  161  11:29  Drone  
  161  11:30  Drone  
  161  11:31  Zergling x2  
  161  11:32  Ultralisk Cavern  
  163  11:34  Zergling x2  
  163  11:37  Zerg Ground Armor Level 3  
  163  11:38  Zerg Melee Weapons Level 3  
  163  11:39  Zergling x2  
  165  11:40  Zergling x2  
  165  11:43  Zergling x2  
  165  11:44  Zergling x2  
  168  11:49  Overlord  
  168  12:15  Hatchery  
  167  12:18  Chitinous Plating  
  167  12:20  Ultralisk x4  
  191  12:43  Baneling x8  
  191  12:44  Baneling x2  
  191  12:45  Burrow  
  191  12:56  Overseer  
  184  13:24  Ultralisk x2  
  196  13:31  Baneling x12  
  196  13:37  Anabolic Synthesis  
  196  13:38  Baneling x4  
  196  14:00  Greater Spire  
  190  14:03  Zergling x2  
  190  14:05  Zergling x4  
  188  14:13  Zergling x2  
  188  14:16  Zergling x2  
  188  14:17  Zergling x2  
  159  14:18  Ultralisk x3  
  159  14:20  Ultralisk x2  
  159  14:21  Zergling x12  
  159  14:22  Zergling x14  
  179  14:27  Zergling x2  
  179  14:28  Zergling x30  
  187  14:32  Zergling x2  
  187  14:34  Zergling x4  
  187  14:35  Zergling x2  
  184  14:42  Zergling x2  
  170  14:49  Corruptor x3  
  170  14:50  Corruptor x2  
  180  14:56  Baneling x13  
  180  14:57  Baneling x3  
  180  15:06  Extractor  
  179  15:08  Extractor  
  179  15:09  Drone x3  
  179  15:14  Spore Crawler  
Show
View Real Time Build Order
Export as new Build Order

RazerBlader Terran 

Build Orders: Liberator Opening, Reaper Expand 

Get SALT Encoding   

  12  0:00  SCV  
  13  0:12  SCV  
  14  0:17  Supply Depot  
  14  0:24  SCV  
  15  0:38  SCV  
  15  0:40  Barracks  
  16  0:44  Refinery  
  16  0:50  SCV  
  17  1:02  SCV  
  18  1:15  SCV  
  19  1:27  Reaper, Orbital Command  
  20  1:41  Command Center  
  20  1:48  Supply Depot  
  20  1:53  SCV  
  21  1:59  Marine  
  22  2:05  SCV  
  23  2:11  Factory  
  23  2:14  Bunker  
  23  2:16  Marine  
  23  2:20  SCV  
  25  2:28  Refinery  
  25  2:32  SCV  
  25  2:35  Barracks Reactor  
  26  2:44  SCV  
  27  2:53  Orbital Command  
  27  2:56  Hellion  
  27  2:57  Starport  
  29  3:00  SCV  
  30  3:22  SCV  
  30  3:23  SCV  
  35  3:27  Hellion x2  
  35  3:28  Supply Depot  
  35  3:29  Barracks Tech Lab  
  35  3:35  SCV  
  35  3:37  SCV  
  36  3:43  Supply Depot  
  36  3:47  SCV  
  36  3:48  Marine, Liberator  
  38  3:49  SCV, Hellion  
  38  3:51  Hellion  
  46  3:58  Stimpack  
  46  4:04  SCV  
  46  4:08  SCV, Supply Depot  
  48  4:12  Hellion  
  48  4:13  Hellion  
  48  4:17  SCV  
  53  4:20  Supply Depot  
  53  4:22  SCV  
  54  4:29  SCV  
  55  4:34  SCV, Command Center  
  56  4:41  SCV  
  57  4:46  SCV  
  57  4:47  Starport Reactor  
  57  4:52  Barracks  
  58  4:53  Barracks, Factory Tech Lab  
  58  4:54  Marine  
  58  4:56  SCV  
  58  4:57  Supply Depot  
  60  5:06  Engineering Bay  
  61  5:07  Engineering Bay  
  61  5:12  Siege Tank  
  61  5:13  Bunker  
  61  5:15  Marine  
  62  5:22  SCV x2  
  64  5:33  Marine  
  64  5:34  SCV  
  63  5:39  SCV, Terran Infantry Weapons Level 1, Terran Infantry Armor Level 1  
  64  5:43  Refinery  
  64  5:48  Marine  
  67  5:51  Marine  
  67  5:54  Siege Tank  
  67  5:55  Orbital Command  
  67  5:56  Marine x2  
  67  6:00  SCV x2  
  69  6:08  Starport Reactor, Marine  
  70  6:12  SCV  
  70  6:16  Refinery, Marine x4  
  75  6:26  Marine  
  76  6:33  Marine  
  77  6:41  Supply Depot  
  77  6:42  Supply Depot, Combat Shield  
  77  6:43  Supply Depot  
  77  6:48  Barracks  
  77  6:49  Barracks  
  77  7:00  Supply Depot  
  77  7:02  Marine x3  
  77  7:03  SCV x2, Medivac x2, Marine x2, Siege Tank  
  77  7:05  Orbital Command  
  88  7:15  SCV x2  
  90  7:20  Marine x3  
  90  7:21  Marine x2  
  95  7:27  SCV x2  
  97  7:36  Barracks Reactor  
  97  7:38  Barracks Reactor, Marine x3  
  97  7:39  Armory, SCV x2, Marine  
  97  7:40  Supply Depot  
  103  7:46  SCV  
  103  7:48  Marine  
  107  7:51  SCV x2  
  107  7:56  Marine x2  
  109  8:01  Supply Depot  
  109  8:02  SCV, Supply Depot, Siege Tank  
  109  8:03  SCV x2, Marine  
  116  8:14  SCV  
  116  8:15  SCV x2  
  109  8:20  Marine x3  
  109  8:21  Marine x4  
  109  8:23  Marine  
  109  8:24  Medivac  
  117  8:30  SCV x2, Medivac  
  117  8:32  SCV  
  122  8:35  Terran Infantry Armor Level 2, Terran Infantry Weapons Level 2  
  122  8:38  Siege Tank  
  122  8:40  Supply Depot  
  125  8:43  Supply Depot  
  125  8:45  SCV x2  
  127  8:49  Marine  
  127  8:53  SCV  
  127  8:55  Medivac  
  131  8:56  Marine  
  131  8:57  Marine  
  131  9:01  Medivac, Marine x3  
  138  9:07  Marine  
  129  9:10  Barracks Reactor, Marine x2, Siege Tank  
  129  9:15  Marine x2  
  136  9:18  SCV  
  136  9:19  Marine x2  
  139  9:24  Factory  
  139  9:25  Supply Depot, Marine x2  
  139  9:28  Refinery, Marine  
  139  9:30  Marine  
  143  9:32  Supply Depot  
  143  9:33  Marine  
  144  9:39  Marine x3  
  144  9:43  Marine  
  144  9:45  Missile Turret  
  148  9:46  Supply Depot, Siege Tank  
  148  9:47  Missile Turret x2  
  148  9:49  Marine x2  
  148  9:50  Terran Vehicle Weapons Level 1  
  153  9:54  Marine x2  
  153  9:58  Bunker  
  153  9:59  Marine  
  156  10:00  Sensor Tower  
  156  10:02  Marine  
  156  10:03  Medivac  
  156  10:05  Medivac  
  160  10:10  Marine x2, Factory Tech Lab  
  160  10:14  Marine x4  
  162  10:15  Marine  
  162  10:17  Marine  
  162  10:20  Marine x2  
  169  10:23  Siege Tank  
  172  10:28  Marine x2  
  172  10:31  Marine  
  172  10:32  Marine x3  
  172  10:33  Supply Depot  
  172  10:34  Marine  
  172  10:35  Marine  
  180  10:38  Marine  
  180  10:41  Marine  
  178  10:47  Marine x2  
  178  10:49  Marine x2  
  174  10:50  Marine  
  174  10:51  Marine, Siege Tank  
  174  10:53  Marine  
  174  10:54  Marine  
  182  11:02  Marine  
  183  11:05  Command Center, Marine  
  183  11:08  Marine x3  
  188  11:17  Siege Tank  
  162  11:22  Marine  
  162  11:23  Marine  
  128  11:26  Terran Infantry Weapons Level 3  
  128  11:27  Terran Infantry Armor Level 3  
  128  11:29  Siege Tank  
  128  11:30  Marine  
  128  11:32  Marine  
  129  11:33  Marine  
  129  11:34  Marine  
  129  11:37  Marine x2  
  129  11:38  Marine  
  129  11:39  Marine  
  135  11:42  Marine x2  
  136  11:48  Marine  
  136  11:49  Marine  
  136  11:52  Siege Tank  
  141  11:58  Marine x2, Barracks  
  141  11:59  Barracks  
  141  12:00  Barracks  
  143  12:01  Marine  
  143  12:04  Missile Turret  
  143  12:05  Marine, Siege Tank  
  148  12:11  Marine x2  
  148  12:12  Marine  
  148  12:14  Marine x3  
  148  12:15  SCV  
  155  12:17  SCV  
  155  12:20  Marine x3  
  159  12:25  Missile Turret, Siege Tank  
  159  12:26  Marine  
  159  12:29  Marine x2  
  165  12:39  Siege Tank  
  165  12:40  Marine x2  
  165  12:44  Marine  
  170  12:49  Marine x2  
  170  12:50  Barracks Tech Lab x2  
  173  12:51  Barracks Tech Lab  
  173  12:57  Siege Tank  
  173  12:58  Marine  
  176  12:59  Terran Vehicle Weapons Level 2  
  176  13:00  Planetary Fortress  
  176  13:01  Command Center  
  176  13:02  Marine  
  178  13:11  Siege Tank  
  181  13:13  Marine  
  175  13:21  Marine x3  
  178  13:28  Bunker  
  178  13:29  Sensor Tower, Siege Tank  
  181  13:35  Marine x2  
  181  13:36  Supply Depot  
  181  13:38  Supply Depot  
  181  13:40  Marine  
  184  13:42  Sensor Tower  
  184  13:44  Siege Tank  
  186  14:01  Siege Tank  
  189  14:03  Marauder  
  189  14:06  Refinery  
  189  14:08  Ghost Academy  
  191  14:10  Ghost Academy  
  191  14:15  Marauder, Marine  
  191  14:16  Siege Tank  
  166  14:19  Marine  
  166  14:20  Marauder, Marine  
  166  14:22  Orbital Command  
  133  14:24  Marauder  
  133  14:26  Marine x2  
  133  14:33  Siege Tank  
  133  14:37  Marauder  
  134  14:41  Marauder  
  134  14:43  Marine  
  134  14:45  Marine  
  129  14:46  Marauder  
  129  14:48  Siege Tank  
  133  14:54  SCV  
  133  14:55  SCV x2  
  133  14:57  Marine  
  133  14:58  Marauder  
  133  14:59  Marine x2  
  141  15:03  Marauder  
  141  15:06  SCV, Marine x2  
  147  15:07  SCV x2, Medivac x2, Marauder  
  154  15:19  Marauder, Marine  
  119  15:30  Marauder x2, Marine x3  
  119  15:32  Marine x2  
  119  15:33  Marine x2  
Tags
 
Add a new tag
Caveats
  • Supply blocks, unpowered buildings, or Contaminate may cause inaccurate times.
  • Supply counts are checked every 10 seconds.